 Dungeon Crawl Stone Soup version 0.25-a0-404-gc1b5a34292 (webtiles) character file.

Game seed: 5330416216368690429, levelgen mode: deterministic

98529 Gargoyl the Agent of Entropy (level 15, 0/153 HPs)
             Began as a Centaur Abyssal Knight on Jan 10, 2020.
             Was a Priest of Lugonu.
             Succumbed to a +1 hand axe of venom's poison
             ... on level 2 of the Elven Halls on Jan 11, 2020.
             The game lasted 00:59:54 (36030 turns).

Gargoyl the Agent of Entropy (CeAK)                Turns: 36030, Time: 00:59:55

Health: 0/153      AC: 21    Str: 20    XL:     15   Next: 75%
Magic:  17/22      EV: 16    Int:  7    God:    Lugonu [***...]
Gold:   2756       SH:  6    Dex: 14    Spells: 14/14 levels left

rFire    . . .     SeeInvis .   b - +10 spear "Qiqorph" {pierce, rN+ Dex+3 Stlth+}
rCold    + . .     Gourm    .   J - +1 buckler {rN+}
rNeg     + + .     Faith    .   q - +1 scale mail {rC+}
rPois    .         Spirit   .   (helmet restricted)
rElec    +         Reflect  .   p - +2 cloak of Philately {MR+}
rCorr    .         Harm     .   u - +0 pair of gloves
MR       ++...     Rnd*Tele +   (no barding)
Stlth    ..........             I - amulet of rage
HPRegen  0.35/turn              d - +6 ring of protection
MPRegen  0.18/turn              h - ring "Man Yhim" {rElec EV+3 Stlth+}

@: berserking (expiring), lethally poisoned (0 -> -15), starving, very quick
A: large, hooves 3, horns 1, deformed body, [dopey 2], speed 2, [frail 2], [low
mp 1], [teleportitis 1], tough skin 3, [weak 2]
a: Depart the Abyss, Bend Space, Banish, Renounce Religion, Evoke Berserk Rage


You were on level 2 of the Elven Halls.
You worshipped Lugonu.
Lugonu was most pleased with you.
You were starving.

You visited 5 branches of the dungeon, and saw 26 of its levels.
You visited the Abyss 3 times.
You also visited: Bailey.

You collected 3310 gold pieces.
You spent 554 gold pieces at shops.

Inventory:

Hand Weapons
 a - a cursed +4 war axe of chopping
 b - the +10 spear "Qiqorph" (weapon) {pierce, rN+ Dex+3 Stlth+}
   (You found it on level 4 of the Dungeon)

   It inflicts extra damage upon your enemies.
   It affects your dexterity (+3).
   It protects you from negative energy.
   It makes you more stealthy.
 L - the +4 war axe of Pain and Death {freeze, *Rage rPois Stlth+}
   (You found it on level 14 of the Dungeon)

   It has been specially enchanted to freeze those struck by it, causing extra
   injury to most foes and up to half again as much damage against particularly
   susceptible opponents.
   It can also slow down cold-blooded creatures.
   It protects you from poison.
   It may make you go berserk in combat.
   It makes you more stealthy.
 N - a +1 antimagic broad axe
Missiles
 z - 13 javelins (quivered)
Armour
 j - a +2 helmet
 p - the +2 cloak of Philately (worn) {MR+}
   (You found it on level 5 of the Dungeon)

   It affects your resistance to hostile enchantments.
 q - a +1 scale mail of cold resistance (worn)
 u - a +0 pair of gloves (worn)
 J - a +1 buckler of positive energy (worn)
Jewellery
 d - a +6 ring of protection (left hand)
 h - the ring "Man Yhim" (right hand) {rElec EV+3 Stlth+}
   (You found it on level 4 of the Dungeon)

   [ring of evasion]

   It affects your evasion (+3).
   It insulates you from electricity.
   It makes you more stealthy.
 B - an uncursed ring of poison resistance
 I - an amulet of rage (around neck)
 O - an uncursed ring of see invisible
Wands
 k - a wand of flame (39)
 r - a wand of enslavement (8)
 t - a wand of disintegration (12)
 w - a wand of iceblast (33)
 y - a wand of polymorph (22)
 E - a wand of random effects (43)
Scrolls
 f - 13 scrolls of remove curse
 g - 2 scrolls of fear
 l - 2 scrolls of teleportation
 m - 5 scrolls of identify
 x - 6 scrolls of magic mapping
 F - a scroll of fog
 H - a scroll of silence
Potions
 n - 3 potions of agility
 s - 7 potions of haste
 v - 4 potions of flight
 A - 4 potions of brilliance
 K - a potion of cancellation
Miscellaneous
 G - a lightning rod (4/4)
Comestibles
 c - 30 rations


   Skills:
 + Level 10.5 Fighting
 + Level 6.3(10.0) Axes
 + Level 11.9(12.5) Polearms
 + Level 3.6 Throwing
 * Level 11.1 Armour
 * Level 9.4 Dodging
 + Level 3.2 Shields
 * Level 13.1 Invocations


You had 14 spell levels left.
You didn't know any spells.
Your spell library contained the following spells:

 Spells                   Type           Power        Failure   Level  Hunger
 Animate Skeleton         Necr           N/A          71%         1    ##.....
 Apportation              Tloc           #.....       71%         1    ##.....
 Corona                   Hex            #......      71%         1    ##.....
 Freeze                   Ice            #...         71%         1    ##.....
 Magic Dart               Conj           #...         71%         1    ##.....
 Sting                    Tmut/Pois      #...         71%         1    ##.....
 Summon Butterflies       Summ           #.......     71%         1    ##.....
 Summon Small Mammal      Summ           #...         71%         1    ##.....
 Blink                    Tloc           N/A          85%         2    ###....
 Call Imp                 Summ           #.......     85%         2    ###....
 Corpse Rot               Necr/Air       N/A          85%         2    ###....
 Poisonous Vapours        Pois/Air       #.....       85%         2    ###....
 Slow                     Hex            #.......     85%         2    ###....
 Call Canine Familiar     Summ           #.......     97%         3    ####...
 Confusing Touch          Hex            #.......     97%         3    ####...
 Conjure Flame            Conj/Fire      #.......     97%         3    ####...
 Gell's Gravitas          Tloc           #.........   97%         3    ####...
 Ignite Poison            Fire/Tmut/Pois #.......     97%         3    ####...
 Mephitic Cloud           Conj/Pois/Air  #.......     97%         3    ####...
 Ozocubu's Armour         Chrm/Ice       #.......     97%         3    ####...
 Stone Arrow              Conj/Erth      #.....       97%         3    ####...
 Summon Guardian Golem    Hex/Summ       #.......     97%         3    ####...
 Hailstorm                Conj/Ice       #.......     100%        4    #####..
 Olgreb's Toxic Radiance  Pois           #.......     100%        4    #####..
 Petrify                  Tmut/Erth      #.......     100%        4    #####..
 Summon Ice Beast         Ice/Summ       #.......     100%        4    #####..
 Summon Lightning Spire   Summ/Air       #.......     100%        4    #####..
 Metabolic Englaciation   Hex/Ice        #.........   100%        5    ######.
 Summon Forest            Summ/Tloc      #.........   100%        5    ######.
 Summon Mana Viper        Hex/Summ       #.......     100%        5    ######.
 Yara's Violent Unravell  Hex/Tmut       #.........   100%        5    ######.
 Eringya's Noxious Bog    Tmut/Pois      #.........   100%        6    #######
 Hydra Form               Tmut           #.........   100%        6    #######
 Summon Hydra             Summ           #.........   100%        7    #######


Dungeon Overview and Level Annotations

Branches:
Dungeon (15/15)            Temple (1/1) D:4            Lair (6/6) D:8
 Shoals (0/4) Lair:4        Snake (0/4) Lair:3        Slime (0/5) Lair:5
    Orc (2/2) D:12            Elf (2/3) Orc:2        Vaults (0/5) D:13
 Depths (0/5) D:15         Bailey (visited)

Altars:
Dithmenos
Elyvilon
Gozag
Hepliaklqana
Makhleb
Qazlal
Ru
Sif Muna
Trog
Vehumet
Wu Jian
Xom
Zin
The Shining One
Jiyva

Shops:
D:5 *   D:6 (   D:9 (   D:14 (   D:15 =   Orc:2 (*}?   Elf:1 (

Portals:
Pandemonium: Orc:2
Trove: D:10 (give +2 fire dragon scales)

Annotations:
D:9 exclusion: obsidian statue
D:12 3 runed translucent doors, Leujuor's ghost, journeyman MiFi; ReteAZ's ghost, journeyman GrGl; Tanips's ghost, journeyman MfSk; UrsusMedved's ghost, journeyman HOFi; Valentain's ghost, journeyman HOFi
Lair:4 exclusion: oklob plant
Lair:6 2 transporters, Gargoyl's ghost, journeyman CeAK
Abyss:1 Nessos


Innate Abilities, Weirdness & Mutations

You have hooves in place of feet.
Armour fits poorly on your strangely shaped body.
You cover ground very quickly.
You have extremely tough skin. (AC +3)
You have a pair of small horns on your head.
[You are very dopey. (Int -4)]
[You are very frail. (-20% HP)]
[Your magical capacity is low. (-10% MP)]
[You are occasionally teleported next to monsters.]
[You are very weak. (Str -4)]


Message History

Your headbutt misses the +1 mace of crushing.
The +1 mace of crushing is moderately damaged.
* * * LOW HITPOINT WARNING * * *
You feel sick.
You miss the +1 mace of crushing.
Your kick misses the +1 mace of crushing.
The +1 mace of crushing is moderately damaged.
You are starving!
* * * LOW HITPOINT WARNING * * *
You feel sick.
The +1 mace of crushing hits you but does no damage.
You miss the +1 mace of crushing.
Your headbutt misses the +1 mace of crushing.
The +1 mace of crushing is moderately damaged.
Unknown command.
You puncture the +1 mace of crushing!
Your kick misses the +1 mace of crushing.
Your headbutt misses the +1 mace of crushing.
The +1 mace of crushing is severely damaged.
You die...

#........## ........#
#......... ......e.#
+#........## ........#
+..........###.......(..
........................
#.......................
........................
#......)(...............
##.....@...........
#...#............. #...
##...........# ...
##.........## #.
##...........## #
..#.............#.
..................
..................
..(...............


You could see a +1 mace of crushing.

Vanquished Creatures
  Kirke (D:15)
  2 tentacled starspawn (Abyss:2)
  A stone giant (Orc:2)
  An ettin (D:15)
  A fire dragon (Lair:6)
  Harold (D:6)
  3 vault guards (D:13)
  4 hydras
  Fannar (D:11)
  4 two-headed ogres
  4 dancing weapons
  A tengu warrior (D:15)
  2 centaur warriors
  Urug (Lair:2)
  4 orc high priests (Orc:2)
  2 wretched stars (Abyss:3)
  2 deep elf knights
  An infernal demonspawn (Orc:2)
  2 unseen horrors
  A deep troll (D:15)
  2 gelid demonspawn (Orc:2)
  A torturous demonspawn (Orc:2)
  2 lindwurms (Lair:6)
  A wizard (D:15)
  A large abomination (Abyss:3)
  8 deep elf magi
  5 orc knights (Orc:2)
  7 orc sorcerers (Orc:2)
  4 cyclopes
  6 ugly things
  9 elephants
  An apocalypse crab (Abyss:3)
  A smoke demon (Abyss:2)
  A centaur zombie (D:14)
  6 torpor snails
  4 orange demons
  A gargoyle (D:13)
  5 centaur skeletons
  7 spiny frogs
  3 black mambas
  4 rime drakes
  4 komodo dragons
  5 efreet
  A merfolk (Lair:4)
  A tengu conjurer (D:15)
  A hellwing (Orc:2)
  3 trolls
  3 tyrant leeches (Lair:6)
  6 hornets
  A polar bear (Lair:1)
  16 blink frogs
  7 raiju (Abyss:3)
  A meliai zombie (D:11)
  6 dream sheep (Lair:6)
  17 hippogriffs
  2 shadows
  A wraith (D:12)
  39 yaks
  2 wyverns
  2 air elementals (Elf:1)
  10 humans
  3 hungry ghosts
  11 basilisks
  A ynoxinul (Abyss:3)
  7 hogs
  2 chaos spawn (Orc:2)
  A steam dragon (D:8)
  3 vampire mosquitoes (D:13)
  A warg (Orc:2)
  4 nagas (Lair:3)
  8 water moccasins
  3 porcupines
  27 orc warriors
  7 sky beasts
  A black bear (Lair:1)
  3 ice beasts
  8 phantoms
  A necrophage (D:7)
  14 ogres
  22 wolves
  7 centaurs
  14 crocodiles
  2 big kobolds (D:8)
  A wyvern zombie (D:14)
  9 bullfrogs
  2 earth elementals (Elf:1)
  A small abomination (Abyss:3)
  6 scorpions
  A wyvern skeleton (D:15)
  4 killer bees (D:8)
  16 wights
  3 howler monkeys
  A bullfrog zombie (D:9)
  5 crimson imps
  2 quasits
  6 hounds
  5 jellies
  A gnoll shaman (D:6)
  An iron imp (Abyss:2)
  25 orc priests
  2 iguanas
  Jessica (D:3)
  15 orc wizards
  Natasha (thrice) (D:3)
  7 hell rats
  11 worker ants
  6 ogre zombies (D:12)
  A hound skeleton (D:5)
  A mummy (D:4)
  3 gnolls (D:6)
  6 adders
  4 river rats (Lair:4)
  A shadow imp (D:11)
  An ufetubus (Abyss:3)
  9 worms
  5 leopard geckos
  84 orcs
  A ball python (D:5)
  5 giant cockroaches
  9 hobgoblins
  4 jackals
  16 kobolds
  3 quokkas
  6 bats
  5 frilled lizards
  3 goblins
  A goblin skeleton (D:12)
  4 goblin zombies
  A leopard gecko skeleton (D:5)
  3 orc skeletons (D:12)
  13 orc zombies (D:12)
  13 rats
  A fungus (Lair:6)
  A lurking horror (Abyss:3)
  2 plants (Lair:6)
  2 starspawn tentacles (Abyss:2)
738 creatures vanquished.

Vanquished Creatures (others)
  A rakshasa (Abyss:1)
  4 oklob plants (Lair:3)
  A torpor snail (Lair:6)
  A spiny frog (Lair:6)
  A rime drake (Lair:6)
  A hornet (Lair:6)
  2 humans (D:15)
  A bush (Lair:3)
  7 fungi
  13 plants
  7 starspawn tentacles (Abyss:2)
39 creatures vanquished.

Grand Total: 777 creatures vanquished

Notes
Turn   | Place    | Note
-------+----------+-------------------------------------------
     0 | Abyss:1  | Gargoyl the Centaur Abyssal Knight began the quest for the
                  | Orb.
     0 | Abyss:1  | Reached XP level 1. HP: 19/19 MP: 2/2
    38 | Abyss:1  | Noticed a starcursed mass
    39 | D:1      | Escaped the Abyss
   563 | D:1      | Reached XP level 2. HP: 26/26 MP: 3/3
   833 | D:2      | Reached * piety under Lugonu
   843 | D:2      | Reached skill level 1 in Dodging
  1145 | D:2      | Reached XP level 3. HP: 21/31 MP: 4/4
  1336 | D:2      | Reached XP level 4. HP: 39/39 MP: 5/5
  1922 | D:3      | Reached ** piety under Lugonu
  1928 | D:3      | Noticed Jessica
  1936 | D:3      | Killed Jessica
  1961 | D:3      | Reached XP level 5. HP: 46/46 MP: 7/7
  2135 | D:3      | Reached skill level 3 in Invocations
  2137 | D:3      | Noticed Natasha
  2150 | D:3      | Killed Natasha
  2304 | D:3      | Noticed Natasha
  2311 | D:3      | Killed Natasha
  2334 | D:3      | Noticed Natasha
  2339 | D:3      | Killed Natasha
  2672 | D:4      | Noticed an ogre
  2710 | D:4      | Killed an ogre
  2710 | D:4      | Reached XP level 6. HP: 30/52 MP: 8/8
  2891 | D:4      | You fall into a shaft and drop 2 floors!
  2900 | D:6      | Reached XP level 7. HP: 24/59 MP: 9/9
  3109 | D:6      | Found Vireuceb's Antique Weapon Emporium.
  3167 | D:5      | Entered Level 5 of the Dungeon
  3265 | D:5      | Reached skill level 4 in Invocations
  3471 | D:5      | Found a sacrificial altar of Ru.
  3528 | D:5      | Noticed an angel
  3533 | D:5      | Found a shimmering altar of Xom.
  3534 | D:5      | Found a glowing silver altar of Zin.
  3694 | D:4      | Found a staircase to the Ecumenical Temple.
  3724 | D:4      | Got a warped spear
  3759 | Temple   | Entered the Ecumenical Temple
  3772 | Temple   | Reached XP level 8. HP: 7/67 MP: 11/11
  4069 | D:4      | Reached *** piety under Lugonu
  4069 | D:4      | Reached skill level 5 in Axes
  4194 | D:4      | Got a faintly glowing pewter ring
  4195 | D:4      | Identified the ring "Man Yhim" {rElec EV+3 Stlth+} (You
                  | found it on level 4 of the Dungeon)
  4312 | D:4      | Identified the +10 spear "Qiqorph" {pierce, rN+ Dex+3
                  | Stlth+} (You found it on level 4 of the Dungeon)
  4410 | D:4      | Found a burning altar of Makhleb.
  4411 | D:4      | Found a radiant altar of Vehumet.
  4614 | D:5      | Found Kauroemy's General Store.
  4670 | D:5      | Got a smoking cloak
  4686 | D:5      | Identified the +2 cloak of Philately {MR+} (You found it on
                  | level 5 of the Dungeon)
  4954 | D:5      | Found a hazy altar of Hepliaklqana.
  4958 | D:5      | Found a white marble altar of Elyvilon.
  5190 | D:5      | Found an opulent altar of Gozag.
  5190 | D:5      | Found a shadowy altar of Dithmenos.
  5191 | D:5      | Found an ornate altar of the Wu Jian Council.
  5483 | D:6      | Reached skill level 5 in Invocations
  5496 | D:6      | Found a stormy altar of Qazlal.
  5531 | D:6      | Reached skill level 1 in Polearms
  5659 | D:6      | Found a shimmering blue altar of Sif Muna.
  5819 | D:7      | Noticed Harold
  5885 | D:6      | Reached XP level 9. HP: 55/73 MP: 13/13
  5987 | D:6      | Killed Harold
  5987 | D:6      | Reached skill level 5 in Fighting
  5987 | D:6      | Reached skill level 5 in Armour
  5998 | D:6      | Reached skill level 6 in Invocations
  6183 | D:7      | Reached **** piety under Lugonu
  6277 | D:7      | Found an opulent altar of Gozag.
  6534 | D:7      | Found a sacrificial altar of Ru.
  6864 | D:8      | Found a staircase to the Lair.
  6890 | D:8      | Reached skill level 5 in Polearms
  6890 | D:8      | Reached XP level 10. HP: 66/81 MP: 14/14
  7189 | D:8      | Reached skill level 7 in Invocations
  7231 | D:8      | Found a glowing golden altar of the Shining One.
  7381 | D:8      | Noticed a cyclops
  7385 | D:8      | Noticed a green ugly thing
  7531 | D:8      | Found a flagged portal.
  7546 | Bailey   | Entered a bailey
  7546 | Bailey   | Noticed an orc knight
  7546 | Bailey   | Noticed an orc knight
  7981 | Lair:1   | Entered Level 1 of the Lair of Beasts
  7981 | Lair:1   | Noticed a spiny frog
  7992 | Lair:1   | Killed a spiny frog
  8182 | Lair:1   | Noticed an elephant
  8212 | Lair:1   | Killed an elephant
  8335 | Lair:1   | Reached skill level 5 in Dodging
  8938 | Lair:1   | Noticed a black mamba
  8950 | Lair:1   | Killed a black mamba
  9018 | Lair:2   | Reached XP level 11. HP: 90/90 MP: 16/16
  9266 | Lair:2   | Noticed Urug
  9333 | Lair:2   | Killed Urug
  9491 | Lair:2   | Reached skill level 8 in Invocations
  9503 | Lair:2   | Reached ***** piety under Lugonu
 11200 | Lair:3   | Noticed a four-headed hydra
 11210 | Lair:3   | Killed a four-headed hydra
 11801 | Lair:3   | Found a staircase to the Snake Pit.
 12026 | Lair:3   | Noticed a five-headed hydra
 12035 | Lair:3   | Killed a five-headed hydra
 12035 | Lair:3   | Reached skill level 1 in Throwing
 12035 | Lair:3   | Reached XP level 12. HP: 79/100 MP: 18/18
 12239 | Lair:3   | Reached skill level 9 in Invocations
 12754 | Lair:3   | Got a fine robe
 12755 | Lair:3   | Identified the cursed +0 robe of the Hot Ocelot {rPois rN+
                  | MR+} (You found it on level 3 of the Lair of Beasts)
 13732 | Lair:4   | Noticed a six-headed hydra
 13741 | Lair:4   | Killed a six-headed hydra
 14070 | Lair:4   | Reached skill level 10 in Invocations
 14146 | Lair:4   | Found a staircase to the Shoals.
 14998 | Lair:5   | Found a viscous altar of Jiyva.
 14998 | Lair:5   | Found a staircase to the Slime Pits.
 15450 | Lair:5   | Reached XP level 13. HP: 42/107 MP: 20/20
 16040 | Lair:6   | Entered Level 6 of the Lair of Beasts
 16040 | Lair:6   | Found a transporter.
 16040 | Lair:6   | Identified the cursed +1 broad axe of Aluqo {flame, +Inv
                  | rF- rC+ Str-3 Int+10}
 16045 | Lair:6   | Found a bloodstained altar of Trog.
 16050 | Lair:6   | Noticed Gargoyl's ghost (journeyman CeAK)
 16050 | Lair:6   | Identified the +6 trident of Defiance {freeze, Int+3}
 16051 | Lair:6   | Identified the cursed +2 trident of the Neverending Souls
                  | {antimagic, MP+9 Str+3 Int+2}
 17406 | Lair:6   | Found a transporter.
 18022 | Lair:6   | Found a runed translucent door.
 18023 | Lair:6   | Noticed a fire dragon
 18052 | Lair:6   | Killed a fire dragon
 19008 | Lair:6   | Paralysed by a hornet for 1 turns
 19633 | D:8      | Reached skill level 11 in Invocations
 19806 | D:9      | Reached skill level 10 in Polearms
 19813 | D:9      | Found Taxobb's Antique Weapon Shoppe.
 19827 | D:9      | Bought a twisted trident for 212 gold pieces
 19827 | D:9      | Identified the +8 trident of an ice cave {pierce, Fragile
                  | Int+3 Dex+8} (You bought it in a shop on level 9 of the
                  | Dungeon)
 20034 | D:10     | Entered Level 10 of the Dungeon
 20168 | D:10     | Found a portal to a secret trove of treasure.
 20413 | D:10     | Paralysed by a hornet for 3 turns
 21670 | D:11     | Reached skill level 10 in Armour
 21774 | D:11     | Noticed Fannar
 21793 | D:11     | Killed Fannar
 21892 | D:11     | Reached XP level 14. HP: 22/118 MP: 22/22
 22702 | D:12     | Found a runed translucent gate.
 22702 | D:12     | Found a runed translucent gate.
 22702 | D:12     | Found a runed translucent gate.
 22702 | D:12     | Noticed ReteAZ's ghost (journeyman GrGl)
 22702 | D:12     | Noticed Valentain's ghost (journeyman HOFi)
 22702 | D:12     | Noticed Tanips's ghost (journeyman MfSk)
 22704 | D:12     | Noticed UrsusMedved's ghost (journeyman HOFi)
 22704 | D:12     | Noticed Leujuor's ghost (journeyman MiFi)
 23377 | D:12     | Found a staircase to the Orcish Mines.
 24457 | D:13     | Reached ****** piety under Lugonu
 24541 | D:13     | Reached skill level 1 in Shields
 25136 | D:13     | Found a gate to the Vaults.
 25752 | D:14     | Got a crude war axe
 25753 | D:14     | Identified the +4 war axe of Pain and Death {freeze, *Rage
                  | rPois Stlth+} (You found it on level 14 of the Dungeon)
 25777 | D:14     | Found Zuanlouno's Weapon Boutique.
 26108 | D:15     | Entered Level 15 of the Dungeon
 26116 | D:15     | Found Pamipn's Jewellery Boutique.
 26716 | D:15     | Noticed Kirke
 26732 | D:15     | Reached skill level 12 in Invocations
 26762 | D:15     | Killed Kirke
 26848 | D:15     | Found a staircase to the Depths.
 27430 | D:15     | Noticed Nessos
 27469 | D:15     | HP: 5/119 [poisoned by Nessos]
 27475 | D:15     | HP: 4/119 [poisoned by Nessos]
 27481 | D:15     | HP: 4/119 [poisoned by Nessos]
 27489 | D:15     | HP: 4/119 [poisoned by Nessos]
 29114 | D:15     | Banished Nessos
 29485 | Orc:1    | Entered Level 1 of the Orcish Mines
 29598 | Orc:2    | Entered Level 2 of the Orcish Mines
 30099 | Orc:1    | Noticed a stone giant
 30204 | Orc:2    | Killed a stone giant
 30204 | Orc:2    | Reached XP level 15. HP: 37/126 MP: 24/24
 30660 | Orc:2    | Found Dick's General Store.
 30725 | Orc:2    | Found Izovves's Magic Scroll Emporium.
 31138 | Orc:2    | Bought an uncursed ring of see invisible for 180 gold
                  | pieces
 31165 | Orc:2    | Reached skill level 10 in Fighting
 33327 | Orc:2    | Found Giloras's Gadget Boutique.
 33327 | Orc:2    | Found Doahitz's Antique Weapon Shop.
 33327 | Orc:2    | Found a one-way gate leading to the halls of Pandemonium.
 33331 | Orc:2    | Bought a glowing war axe for 162 gold pieces
 33755 | Orc:2    | Found a staircase to the Elven Halls.
 33890 | Elf:1    | Entered Level 1 of the Elven Halls
 33918 | Elf:1    | Found Pepaj's Weapon Boutique.
 34929 | Abyss:1  | Found a corrupted altar of Lugonu.
 34978 | Abyss:1  | Found a corrupted altar of Lugonu.
 35318 | Abyss:2  | Found a shimmering blue altar of Sif Muna.
 35353 | Abyss:2  | Noticed a tentacled starspawn
 35360 | Abyss:2  | Noticed a tentacled starspawn
 35369 | Abyss:2  | Killed a tentacled starspawn
 35383 | Abyss:2  | Killed a tentacled starspawn
 35598 | Abyss:3  | Noticed a bone dragon
 35979 | Abyss:3  | Noticed a tentacled starspawn
 35982 | Elf:2    | Escaped the Abyss
 36009 | Elf:2    | Escaped the Abyss
 36010 | Elf:2    | Gained mutation: You have a pair of small horns on your
                  | head. [potion of mutation]
 36014 | Elf:2    | Reached skill level 13 in Invocations
 36023 | Elf:2    | HP: 6/133 [deep elf knight/cursed -1 scimitar (7)]
 36027 | Elf:2    | HP: 2/153 [poisoned by a +1 hand axe of venom]
 36030 | Elf:2    | Succumbed to a +1 hand axe of venom's poison

Levels and vault maps discovered:
D:1:      dpeg_arrival_rooms_b, layout_loops_ring, minmay_pentomino_x2
D:2:      layout_rooms, st_stairs_9, minmay_misc_feat_square
D:3:      layout_rooms, uniq_natasha, uniq_jessica
D:4:      layout_basic, grunt_temple_overflow_lords_of_destruction,
          minmay_temple_entry_large_hall, serial_glass, glass_columns_a,
          glass_columns_b, nicolae_ossuary_entry_giza, first_ration
D:5:      layout_basic, grunt_temple_overflow_order_and_chaos_1,
          grunt_temple_overflow_open, gammafunk_temple_overflow_claw,
          serial_shops, shop, nicolae_ru_path_of_blood
D:6:      layout_basic, old_standard_altar, serial_shops, shop,
          minmay_misc_feat_room, kennysheep_small_spiral, grunt_qazlal_clouds
D:7:      layout_gridville, nicolae_overflow_crystal_walls,
          nicolae_gozag_cash_rules_everything_around_me, uniq_harold
D:8:      layout_basic, tso_metal_star, david_lair_generic, enter_bailey_2,
          grunt_livestock, onia_ninara_dug_in_and_dangerous
D:9:      layout_cross, serial_shops, shop, minmay_protected_statue
D:10:     layout_long_grid, nicolae_trove_entry_columns,
          kennysheep_generic_room_15
D:11:     layout_basic, uniq_fannar
D:12:     layout_irregular_city, zombieorc1_lemuel, gammafunk_ghost_cemetery
D:13:     layout_irregular_city, ximxim_vaults_locker_room
D:14:     layout_long_grid, serial_shops, shop,
          minmay_fractal_squares_diagonal_5
D:15:     hangedman_depths_entry_civil_slaughter, layout_irregular_city,
          serial_park_avenue1, serial_shops, shop, uniq_nessos, uniq_kirke
Temple:   jpeg_temple_alley_garden
Lair:1:   layout_misc_corridors, minmay_shattered_shrine
Lair:2:   layout_cave_pods, lemuel_fruit_fields, uniq_urug
Lair:3:   layout_chaotic_city, minmay_snake_entry_guardpost_small, st_stairs_8,
          minmay_lair_oklob_chamber, infiniplex_staircase_pool_2
Lair:4:   layout_cave_shapes, elwin_shoals_entry_rooms,
          minmay_lair_oklob_bushes, bh_autumn_forest_stairs,
          kennysheep_abandoned_house, lemuel_fruit_tree
Lair:5:   layout_regular_city, slime_altar_1
Lair:6:   wormcave, layout_regular_city, gammafunk_ghost_wrathful_warriors
Orc:1:    layout_caves
Orc:2:    pf_orc_diabolical, layout_diamond_mine
Elf:1:    layout_geoelf_grid, serial_shops,
          nicolae_shop_temple_entry_statues_fountains, shop,
          minmay_elf_necromancy, hangedman_elf_power_crystal
Elf:2:    layout_geoelf_diagonals, portal_ice_cave_entry_pillars_1,
          hangedman_summoners_spam

Skill      XL: |  1  2  3  4  5  6  7  8  9 10 11 12 13 14 15 |
---------------+----------------------------------------------+-----
Axes           | 2 3 4 5 6 |  6.3
Dodging        | 1 2 3 4 5 6 7 8 9 |  9.4
Armour         | 2 3 4 5 6 8 9 10 11 | 11.1
Invocations    | 3 4 5 6 7 8 10 11 12 13 | 13.1
Fighting       | 4 5 6 7 8 9 10 | 10.5
Polearms       | 2 5 7 8 9 10 11 | 11.9
Throwing       | 1 2 3 |  3.6
Shields        | 2 3 |  3.2

Action                   |  1- 3 |  4- 6 |  7- 9 | 10-12 | 13-15 || total
-------------------------+-------+-------+-------+-------+-------++-------
Melee: Hand axe          |    76 |   102 |   128 |       |    14 ||   320
       Kick              |    10 |    29 |    72 |   236 |   664 ||  1011
       Spear             |       |       |   182 |   745 |  1956 ||  2883
       Broad axe         |       |       |       |       |   134 ||   134
Throw: Javelin           |       |       |       |    16 |    43 ||    59
Invok: Depart the Abyss  |     1 |       |       |       |     2 ||     3
       Banish            |       |       |       |     5 |    11 ||    16
       Enter the Abyss   |       |       |       |       |     2 ||     2
       Bend Space        |       |       |       |       |     1 ||     1
  Use: Potion            |     2 |       |     9 |     1 |    22 ||    34
       Scroll            |     1 |     7 |     5 |    14 |    22 ||    49
 Stab: Sleeping          |       |       |     3 |     2 |     1 ||     6
       Invisible         |       |       |       |       |     1 ||     1
       Distracted        |       |       |       |       |     3 ||     3
  Eat: Chunk             |       |     5 |    11 |    18 |    40 ||    74
       Ration            |       |       |       |     2 |     7 ||     9
Armor: Leather armour    |    39 |    33 |       |       |       ||    72
       Scale mail        |       |    14 |   175 |   313 |   707 ||  1209
       Plate armour      |       |       |       |    28 |       ||    28
Dodge: Dodged            |    36 |    48 |   155 |   374 |   938 ||  1551
Block: Buckler           |       |       |       |       |   286 ||   286

Table legend:
 A = Non-vault XP
 B = Vault XP
 C = Vault XP percentage of total XP
 D = Non-vault monster count
 E = Vault monster count
 F = Vault count percentage of total count
                 A         B        C        D         E       F
            +---------+---------+-------+---------+---------+-------
      Total |   87686 |   53070 |  37.7 |     544 |     198 |  26.7
            +---------+---------+-------+---------+---------+-------
        D:1 |      12 |       4 |  25.0 |       9 |       2 |  18.2
        D:2 |     112 |       7 |   5.9 |      24 |       2 |   7.7
        D:3 |     171 |      70 |  29.0 |      26 |       2 |   7.1
        D:4 |     456 |      70 |  13.3 |      20 |       4 |  16.7
        D:5 |     765 |       0 |   0.0 |      21 |       0 |   0.0
        D:6 |    1026 |    1034 |  50.2 |      19 |       1 |   5.0
        D:7 |    1189 |       0 |   0.0 |      20 |       0 |   0.0
        D:8 |    2166 |    1841 |  45.9 |      33 |       9 |  21.4
        D:9 |     629 |       0 |   0.0 |       7 |       0 |   0.0
       D:10 |    5527 |     271 |   4.7 |      37 |       1 |   2.6
       D:11 |    4618 |     831 |  15.3 |      26 |       1 |   3.7
       D:12 |    2287 |     607 |  21.0 |      20 |      28 |  58.3
       D:13 |    2663 |    4639 |  63.5 |       9 |      12 |  57.1
       D:14 |    2912 |    1448 |  33.2 |      10 |       5 |  33.3
       D:15 |   11056 |    7974 |  41.9 |      37 |      11 |  22.9
     Temple |     153 |       0 |   0.0 |       1 |       0 |   0.0
     Lair:1 |    1017 |    1963 |  65.9 |       5 |       7 |  58.3
     Lair:2 |    6392 |     859 |  11.8 |      30 |       1 |   3.2
     Lair:3 |    9300 |    3365 |  26.6 |      33 |      16 |  32.7
     Lair:4 |    2949 |    1460 |  33.1 |      13 |      13 |  50.0
     Lair:5 |    3809 |       0 |   0.0 |      15 |       0 |   0.0
     Lair:6 |    7284 |    6674 |  47.8 |      34 |      17 |  33.3
      Orc:1 |     754 |       0 |   0.0 |      21 |       0 |   0.0
      Orc:2 |    4748 |   16443 |  77.6 |      41 |      62 |  60.2
      Elf:1 |    4331 |       0 |   0.0 |      10 |       0 |   0.0
      Elf:2 |       0 |    3510 | 100.0 |       0 |       4 | 100.0
    Abyss:1 |    1066 |       0 |   0.0 |       3 |       0 |   0.0
    Abyss:2 |    4687 |       0 |   0.0 |       4 |       0 |   0.0
    Abyss:3 |    5607 |       0 |   0.0 |      16 |       0 |   0.0
            +---------+---------+-------+---------+---------+-------
